 Dungeon Crawl Stone Soup version 0.28.0 (console) character file.

Game seed: 3648130415744156396

168 ryathie the Skirmisher (level 5, -4/99 HPs)
             Began as a Palentonga Fighter on Feb 11, 2022.
             Slain by a water moccasin skeleton (5 damage)
             ... on level 6 of the Dungeon.
             The game lasted 00:04:40 (3150 turns).

ryathie the Skirmisher (Palentonga Fighter)         Turns: 3150, Time: 00:04:41

Health: -4/99      AC: 22    Str: 18 (21) XL:     5   Next: 24%
Magic:  5/5        EV:  1    Int:  5 (8)  God:
Gold:   131        SH:  4    Dex:  9 (10) Spells: 4/4 levels left

rFire   . . .      SeeInvis +   a - +0 war axe
rCold   . . .      Faith    .   c - +0 buckler
rNeg    . . .      Spirit   .   (armour currently unavailable)
rPois   +          Reflect  .   (helmet currently unavailable)
rElec   .          Harm     .   (cloak currently unavailable)
rCorr   .          Rampage  .   (gloves currently unavailable)
Will    .....      NoTele   +   (no barding)
Stlth   ..........              (no amulet)
HPRegen 0.26/turn               (no ring)
MPRegen 0.09/turn               (no ring)

@: mighty, brilliant, berserking, tree-form, very quick
A: stationary, stasis, torment immunity, boosted hp, large, rugged brown scales
3, see invisible, (deformed body), (roll 1), (armoured tail)
a: no special abilities


You were on level 6 of the Dungeon.
You were a tree.
You visited 1 branch of the dungeon, and saw 5 of its levels.

You collected 131 gold pieces.

Inventory:

Hand Weapons
 a - a +0 war axe (weapon)
Missiles
 e - 10 poisoned darts (quivered)
Armour
 b - a +0 scale mail (melded)
 c - a +0 buckler (worn)
 o - a +0 helmet (melded)
 t - a +2 pair of gloves (melded)
Scrolls
 g - a scroll of teleportation {unknown}
 i - a scroll of noise {unknown}
 j - a scroll of amnesia {unknown}
 l - 2 scrolls of identify {unknown}
 m - a scroll of enchant armour {unknown}
 q - 2 scrolls of fear {unknown}
 r - a scroll of holy word {unknown}
Potions
 f - a potion of attraction {unknown}
 p - a potion of degeneration


   Skills:
 + Level 4.2 Fighting
 + Level 3.6 Axes
 + Level 1.8 Throwing
 - Level 2.4 Armour
 - Level 2.4 Shields


You had 4 spell levels left.
You didn't know any spells.
Your spell library contained the following spells:

 Spells                   Type           Power      Damage    Failure   Level
 Sandblast                Erth           0%         2d4       54%         1
 Blink                    Tloc           0%         N/A       69%         2
 Passwall                 Tmut/Erth      0%         N/A       69%         2
 Lesser Beckoning         Tloc           0%         N/A       89%         3
 Stone Arrow              Conj/Erth      0%         3d7       89%         3
 Manifold Assault         Tloc           0%         N/A       100%        5


Dungeon Overview and Level Annotations

Branches:
Dungeon (4/15)
 Temple: D:4-7

Altars:

Shops:
D:2 =


Innate Abilities, Weirdness & Mutations

You are a tree.
Your roots penetrate the ground, keeping you stationary.
You cannot be teleported.
You are immune to unholy pain and torment.
Your maximum health is greatly increased.
Your equipment is partially melded.
(You are completely covered in rugged brown scales. (AC +3, +7% HP))
You have supernaturally acute eyesight. (SInv)
((Armour fits poorly on your strangely shaped body.))
((You can roll at nearby foes to attack.))
((You have a long armoured tail.))


Message History

You feel sick. The water moccasin skeleton bites you.
* * * LOW HITPOINT WARNING * * *
You block the kobold's attack.
The kobold brigand hits you but does no damage.
It was a potion of berserk rage.
A red film seems to cover your vision as you go berserk!
You feel yourself moving faster!
You feel mighty!
You feel sick.
You are no longer poisoned.
The water moccasin skeleton bites you but does no damage.
The kobold hits you but does no damage.
The kobold brigand hits you but does no damage.
The water moccasin skeleton bites you.
* * * LOW HITPOINT WARNING * * *
You are too berserk!
You are too berserk!
Unknown command.
You closely miss the kobold brigand.
The kobold brigand is severely wounded.
You closely miss the water moccasin skeleton.
You slash the kobold!
You kill the kobold!
The kobold brigand hits you but does no damage.
The water moccasin skeleton bites you but does no damage.
You closely miss the kobold brigand.
The kobold brigand is severely wounded.
You slash the water moccasin skeleton!
The kobold brigand hits you but does no damage.
The water moccasin skeleton bites you.
* * * LOW HITPOINT WARNING * * *
You closely miss the kobold brigand.
The kobold brigand is severely wounded.
You barely miss the water moccasin skeleton.
The kobold brigand hits you but does no damage.
You block the water moccasin skeleton's attack.
You barely miss the kobold brigand.
The kobold brigand is heavily wounded.
You barely miss the water moccasin skeleton.
The kobold brigand hits you but does no damage.
The water moccasin skeleton bites you.
You die...

...? .... .....
###########.....
#.............
#...........#
#.......)Z..#
#.......♣K..#
#.?.........#
#...........#
#...........#
#...........#
#...........#
#...........#
#############


You could see a kobold brigand and a water moccasin skeleton.

Vanquished Creatures
  2 orc wizards (D:3)
  4 adders
  4 dart slugs
  7 orcs
  7 ball pythons
  7 bats
  3 endoplasms
  2 giant cockroaches (D:2)
  2 goblins
  8 hobgoblins
  11 kobolds
  A quokka (D:3)
  3 frilled lizards (D:2)
  4 rats
65 creatures vanquished.

Vanquished Creatures (others)
  3 plants (D:2)
3 creatures vanquished.

Grand Total: 68 creatures vanquished

Notes
Turn   | Place    | Note
-------+----------+-------------------------------------------
     0 | D:1      | ryathie the Palentonga Fighter began the quest for the Orb.
     0 | D:1      | Reached XP level 1. HP: 19/19 MP: 1/1
   381 | D:1      | Reached XP level 2. HP: 19/25 MP: 2/2
   671 | D:1      | Found a faded altar of an unknown god.
   801 | D:2      | Found Lavvaru's One-of-a-Kind Rings.
  1068 | D:2      | Reached XP level 3. HP: 29/31 MP: 3/3
  1200 | D:2      | Reached skill level 1 in Throwing
  2097 | D:3      | Reached XP level 4. HP: 33/39 MP: 4/4
  2428 | D:3      | Reached skill level 4 in Fighting
  2646 | D:3      | Reached XP level 5. HP: 42/44 MP: 5/5
  3038 | D:4      | Noticed an orc warrior
  3132 | D:4      | You fall into a shaft and drop 2 floors!
  3146 | D:6      | HP: 2/99 [water moccasin skeleton (5)]
  3150 | D:6      | Slain by a water moccasin skeleton

Illustrated notes

Levels and vault maps discovered:
D:1:      saegor_arrival_simple_c, layout_loops_ring,
          hellmonk_ecumenical_altar_leap_of_faith
D:2:      layout_loops_corners, grunt_ministairs_13, nicolae_shop_unique_rings,
          grunt_decor_junction, serial_bayou_pond_b, minmay_misc_feat_pillars
D:3:      minmay_inner_zag, layout_basic
D:4:      layout_loops_ring, nrook_mini_vaults, uniq_grinder
D:6:      layout_basic, amcnicky_altar_gilded

Skill      XL: |  1  2  3  4 |
---------------+-------------+-----
Throwing       | 1 |  1.8
Axes           | 3 |  3.6
Fighting       | 4 |  4.2
Armour         | |  2.4
Shields        | |  2.4

Action                   |  1- 3 |  4- 6 || total
-------------------------+-------+-------++-------
Melee: War axe           |   118 |    81 ||   199
       Tailslap          |    10 |     8 ||    18
Throw: Dart              |       |    14 ||    14
 Abil: Rolling Charge    |    22 |    11 ||    33
  Use: Potion            |       |     6 ||     6
Armor: Scale mail        |    79 |    57 ||   136
       Skin              |       |    11 ||    11
Dodge: Dodged            |    37 |    40 ||    77
Block: Buckler           |    21 |    17 ||    38
